 Dungeon Crawl Stone Soup version 0.26-a0-1132-ge9770dfcb6 (webtiles) character file.

Game seed: 8945777115621947477

4736 Dracia the Grappler (level 10, -12/100 HPs)
             Began as a Troll Monk on Dec 20, 2020.
             Mangled by Sonja
             ... wielding a +2 short sword of distortion
              (23 damage)
             ... on level 1 of the Lair of Beasts.
             The game lasted 00:11:38 (7307 turns).

Dracia the Grappler (Troll Monk)                    Turns: 7307, Time: 00:11:38

Health: -12/100    AC: 14    Str: 21    XL:     10   Next: 22%
Magic:  9/9        EV: 14    Int:  6    God:
Gold:   496        SH:  0    Dex: 15    Spells: 9/9 levels left

rFire    . . .     SeeInvis .     - Unarmed
rCold    . . .     Faith    .   (no shield)
rNeg     . . .     Spirit   .   v - +2 robe
rPois    .         Reflect  .   b - +2 hat
rElec    .         Harm     .   (no cloak)
rCorr    .         Rampage  .   (gloves unavailable)
Will     +....                  (boots unavailable)
Stlth    ++........             g - amulet of regeneration
HPRegen  1.06/turn              O - +4 ring of protection
MPRegen  0.11/turn              u - ring of willpower

@: slowed, very slow
A: large, unfitting armour, claws 3, regeneration 1, shaggy fur 1, tough skin 3
a: no special abilities


You were on level 1 of the Lair of Beasts.
You visited 3 branches of the dungeon, and saw 10 of its levels.

You collected 496 gold pieces.


Innate Abilities, Weirdness & Mutations

You are too large for most types of armour.
You have claws for hands.
Your natural rate of healing is unusually fast.
You are covered in fur. (AC +1)
You have extremely tough skin. (AC +3)


   Skills:
 + Level 6.8 Fighting
 + Level 6.7 Dodging
 - Level 1.0 Stealth
 * Level 11.0 Unarmed Combat


You had 9 spell levels left.
You didn't know any spells.
Your spell library contained the following spells:

 Spells                   Type           Power        Failure   Level
 Animate Skeleton         Necr           0%           45%         1
 Apportation              Tloc           0%           45%         1
 Corona                   Hex            0%           45%         1
 Freeze                   Ice            0%           45%         1
 Summon Small Mammal      Summ           0%           45%         1
 Swiftness                Air            0%           58%         2
 Mephitic Cloud           Conj/Pois/Air  0%           83%         3
 Ice Form                 Ice/Tmut       0%           99%         4
 Metabolic Englaciation   Hex/Ice        0%           100%        5

Inventory:

Missiles
 l - 7 curare-tipped darts {=f=f}
 q - 12 poisoned darts (quivered)
Armour
 a - a +1 robe
 b - a +2 hat (worn)
 v - a +2 robe (worn)
 w - a scarf of harm
Jewellery
 g - an amulet of regeneration (around neck)
 u - a ring of willpower (right claw)
 I - a +6 ring of intelligence
 O - a +4 ring of protection (left claw)
 W - an uncursed ring of magical power
Wands
 i - a wand of random effects (17)
 r - a wand of flame (27)
 t - a wand of enslavement (30)
Scrolls
 e - 2 scrolls of magic mapping
 h - 2 scrolls of enchant weapon
 j - 10 scrolls of identify {@r1@r1}
 k - 5 scrolls of remove curse {@r2@r2}
 m - 3 scrolls of fog
 o - a scroll of enchant armour
Potions
 c - a potion of cancellation {unknown}
 f - a potion of curing {@q1@q1}
 n - 2 potions of flight
 p - a potion of berserk rage {unknown}
 s - a potion of degeneration

Dungeon Overview and Level Annotations

Branches:
Dungeon (8/15)             Temple (1/1) D:7            Lair (1/6) D:8

Altars:
Ashenzari
Cheibriados
Dithmenos
Elyvilon
Fedhas
Gozag
Hepliaklqana
Kikubaaqudgha
Makhleb
Okawaru
Qazlal
Ru
Trog
Uskayaw
Vehumet
Wu Jian
Xom
Yredelemnul
Zin
The Shining One

Annotations:
D:8 1 runed translucent door, rigao's ghost, novice DsNe
Lair:1 Sonja

...#.##..#.#..............
.#.+......##.#...#.#......
.#.#...♣...'...♣.#.+...♣..
.#.........#.#...#.# ....
.###.......#.......# ....
.####.....###...(.#.# ....
..##..##.## ##....#.#..# #
.####. ### #....##...# .##
# #..K@..# #.# #♣.>.♣#..#
###### ###..... .#
.....###P.P###.♣..# .
####.........#!#### #
#<#######.#.# # #.# #. .
... .......


You could see Sonja.


Message History

You feel sick.
Sonja mumbles some strange words.
Sonja blinks!
You feel sick. Sonja misses you. Sonja closely misses you.
Sonja barely misses you.
Sonja hits you with a +2 short sword of distortion.
* * * LOW HITPOINT WARNING * * *
Space bends around you!
* * * LOW HITPOINT WARNING * * *
Sonja hits you but does no damage. Space warps horribly around you!
* * * LOW HITPOINT WARNING * * *
Sonja hits you with a +2 short sword of distortion.
* * * LOW HITPOINT WARNING * * *
Space bends around you.
* * * LOW HITPOINT WARNING * * *
You feel better.
Sonja hits you with a +2 short sword of distortion.
* * * LOW HITPOINT WARNING * * *
Sonja hits you but does no damage. Space warps horribly around you.
* * * LOW HITPOINT WARNING * * *
Sonja misses you.
Sonja hits you with a +2 short sword of distortion.
* * * LOW HITPOINT WARNING * * *
Space bends around you.
* * * LOW HITPOINT WARNING * * *
Sonja hits you but does no damage. Space warps horribly around you!!
You die...

Skill      XL: |  1  2  3  4  5  6  7  8  9 10 |
---------------+-------------------------------+-----
Unarmed Combat | 4 5 6 7 8 10 11 | 11.0
Fighting       | 3 4 5 6 |  6.8
Dodging        | 3 4 5 6 |  6.7
Stealth        | |  1.0

Action                   |  1- 3 |  4- 6 |  7- 9 | 10-12 || total
-------------------------+-------+-------+-------+-------++-------
Melee: Unarmed           |   130 |   140 |   382 |    29 ||   681
       Punch             |     1 |     1 |    14 |     1 ||    17
  Use: Scroll            |       |     9 |     2 |       ||    11
       Potion            |       |     3 |     4 |     2 ||     9
 Stab: Sleeping          |     7 |     1 |     3 |       ||    11
Armor: Robe              |    62 |    51 |   146 |    24 ||   283
Dodge: Dodged            |    82 |    62 |   258 |    35 ||   437

Levels and vault maps discovered:
D:1:      lemuel_arrival_cross, layout_loops_ring
D:2:      layout_loops_corners, chequers_ecumenical_altar_island,
          serial_park_tiny_pond
D:3:      layout_basic, amethyst_overflow_temple_binary, uniq_natasha,
          uniq_jessica
D:4:      minmay_razor_zed, layout_gridville, uniq_eustachio, uniq_edmund
D:5:      layout_rooms, grunt_ministairs_13
D:6:      layout_cave_pools, uniq_blork_the_orc
D:7:      layout_basic, minmay_temple_entry_mist
D:8:      layout_basic, david_lair_shrubbed, ebering_ghost_inner_flame,
          uniq_psyche, uniq_grum
Temple:   regret_index_temple_mists
Lair:1:   layout_loops_ring, portal_ice_cave_demonic_guard, grunt_megastairs_1,
          lemuel_fruit_fields, uniq_fannar, uniq_sonja

Notes
Turn   | Place    | Note
-------+----------+-------------------------------------------
     0 | D:1      | Dracia the Troll Monk began the quest for the Orb.
     0 | D:1      | Reached XP level 1. HP: 22/22 MP: 0/0
    94 | D:1      | Reached XP level 2. HP: 29/29 MP: 1/1
   571 | D:2      | Reached XP level 3. HP: 35/36 MP: 2/2
  1034 | D:2      | Found a faded altar of an unknown god.
  1422 | D:3      | Reached skill level 4 in Unarmed Combat
  1481 | D:3      | Reached XP level 4. HP: 44/44 MP: 3/3
  1540 | D:3      | Reached skill level 3 in Fighting
  1553 | D:3      | Reached skill level 3 in Dodging
  1562 | D:3      | HP: 2/45 [orc priest/+0 flail (5)]
  1667 | D:3      | Reached XP level 5. HP: 46/53 MP: 4/4
  1888 | D:3      | Found a stormy altar of Qazlal.
  1888 | D:3      | Found an iron altar of Okawaru.
  1959 | D:3      | Noticed Natasha
  1968 | D:3      | Killed Natasha
  2005 | D:3      | Noticed Natasha
  2011 | D:3      | Killed Natasha
  2012 | D:3      | Reached skill level 5 in Unarmed Combat
  2130 | D:3      | Noticed Jessica
  2134 | D:3      | Killed Jessica
  2187 | D:3      | Noticed Natasha
  2194 | D:3      | Killed Natasha
  2195 | D:3      | Reached XP level 6. HP: 54/61 MP: 5/5
  2429 | D:3      | Identified a potion of resistance
  2550 | D:4      | Noticed Edmund
  2561 | D:4      | Killed Edmund
  2562 | D:4      | Reached skill level 6 in Unarmed Combat
  2562 | D:4      | Reached XP level 7. HP: 68/68 MP: 6/6
  2698 | D:4      | Noticed Eustachio
  2711 | D:4      | Killed Eustachio
  2712 | D:4      | Reached skill level 4 in Fighting
  2712 | D:4      | Reached skill level 4 in Dodging
  2932 | D:4      | Reached skill level 7 in Unarmed Combat
  2942 | D:4      | Reached XP level 8. HP: 77/79 MP: 7/7
  2992 | D:5      | Entered Level 5 of the Dungeon
  3944 | D:6      | Noticed Blork the orc
  3948 | D:6      | Killed Blork the orc
  4012 | D:6      | Reached skill level 5 in Fighting
  4012 | D:6      | Reached skill level 8 in Unarmed Combat
  4076 | D:7      | Reached skill level 5 in Dodging
  4086 | D:7      | Identified the Compendium of Air and the Snowflakes
  4485 | D:7      | Found a staircase to the Ecumenical Temple.
  4519 | Temple   | Entered the Ecumenical Temple
  5216 | D:8      | Noticed Grum
  5235 | D:8      | Reached XP level 9. HP: 74/88 MP: 8/8
  5237 | D:8      | Reached skill level 9 in Unarmed Combat
  5259 | D:8      | Killed Grum
  5599 | D:8      | Noticed a komodo dragon
  5634 | D:7      | Killed a komodo dragon
  5635 | D:7      | Reached skill level 6 in Fighting
  5826 | D:8      | Reached skill level 6 in Dodging
  5850 | D:8      | Noticed Psyche
  5866 | D:8      | Killed Psyche
  5867 | D:8      | Reached skill level 10 in Unarmed Combat
  6252 | D:8      | Found a staircase to the Lair.
  6408 | D:8      | Found a runed translucent door.
  6408 | D:8      | Noticed rigao's ghost (novice DsNe)
  6607 | D:8      | Noticed a manticore
  6621 | D:8      | Killed a manticore
  6622 | D:8      | Reached XP level 10. HP: 40/100 MP: 9/9
  7012 | Lair:1   | Entered Level 1 of the Lair of Beasts
  7054 | Lair:1   | Noticed a cane toad
  7067 | Lair:1   | Killed a cane toad
  7269 | Lair:1   | Noticed Sonja
  7296 | Lair:1   | Reached skill level 11 in Unarmed Combat
  7306 | Lair:1   | HP: 10/100 [Sonja/+2 short sword of distortion (2)]
  7307 | Lair:1   | Mangled by Sonja

Vanquished Creatures
  A manticore (D:8)
  Psyche (D:8)
  A cane toad (Lair:1)
  A komodo dragon (D:7)
  Eustachio (D:4)
  Grum (D:8)
  Edmund (D:4)
  An orc warrior (D:7)
  3 phantoms
  An ice beast (D:8)
  2 ogres
  8 wolves
  2 centaurs
  A big kobold (D:8)
  Blork the orc (D:6)
  4 bullfrogs
  6 howler monkeys
  2 hounds
  A bullfrog zombie (D:6)
  5 orc priests
  A bullfrog skeleton (D:4)
  Jessica (D:3)
  7 worker ants
  6 orc wizards
  Natasha (thrice) (D:3)
  2 hound skeletons
  3 gnolls (D:7)
  7 adders
  4 shadow imps
  A white imp (D:6)
  3 ufetubi
  An ooze (D:7)
  An adder skeleton (D:6)
  3 worms
  5 dart slugs
  3 leopard geckos
  36 orcs
  10 bats
  6 giant cockroaches
  7 goblins
  7 hobgoblins
  12 jackals
  18 kobolds
  4 quokkas
  5 ball pythons
  6 frilled lizards
  A jackal zombie (D:5)
  A quokka zombie (D:6)
  11 rats
219 creatures vanquished.

Vanquished Creatures (others)
  A fungus (Lair:1)
  14 plants (D:8)
15 creatures vanquished.

Grand Total: 234 creatures vanquished

Table legend: (Time is in decaauts)
 A = Elapsed time spent in this place.
 B = Non-inter-level travel time spent in this place.
 C = Inter-level travel time spent in this place.
 D = Time resting spent in this place.
 E = Time spent auto-exploring this place.
 F = Levels seen in this place.
 G = Mean time per level.
                   A        B        C        D        E       F      G
               +--------+--------+--------+--------+--------+-----+--------+
         Total |   7267 |   6973 |    294 |    775 |   4925 |  10 |  726.7 |
       Dungeon |   6747 |   6481 |    266 |    589 |   4671 |   8 |  843.4 |
        Temple |    225 |    202 |     23 |      0 |    202 |   1 |  225.0 |
          Lair |    294 |    290 |      4 |    186 |     52 |   1 |  294.0 |
               +--------+--------+--------+--------+--------+-----+--------+

Top non-repeatable levels by time:
     D:8: 1651 daAuts
     D:7: 1115 daAuts
     D:3: 1038 daAuts
     D:2: 841 daAuts
     D:5: 572 daAuts
     D:1: 561 daAuts
     D:4: 501 daAuts
     D:6: 464 daAuts
  Lair:1: 294 daAuts
  Temple: 225 daAuts

Table legend:
 A = Non-vault XP
 B = Vault XP
 C = Vault XP percentage of total XP
 D = Non-vault monster count
 E = Vault monster count
 F = Vault count percentage of total count
                 A         B        C        D         E       F
            +---------+---------+-------+---------+---------+-------
      Total |    4009 |    2757 |  40.7 |     190 |      29 |  13.2
            +---------+---------+-------+---------+---------+-------
        D:1 |      37 |       0 |   0.0 |      21 |       0 |   0.0
        D:2 |      41 |       0 |   0.0 |      24 |       0 |   0.0
        D:3 |     260 |      72 |  21.7 |      34 |       2 |   5.6
        D:4 |     271 |     754 |  73.6 |      19 |      16 |  45.7
        D:5 |     287 |       4 |   1.4 |      16 |       2 |  11.1
        D:6 |     234 |      90 |  27.8 |      18 |       1 |   5.3
        D:7 |     603 |     372 |  38.2 |      22 |       1 |   4.3
        D:8 |    1815 |    1068 |  37.0 |      32 |       6 |  15.8
     Lair:1 |     461 |     397 |  46.3 |       4 |       1 |  20.0
            +---------+---------+-------+---------+---------+-------
